 Dungeon Crawl Stone Soup version 0.21.1-1-g345015f (webtiles) character file.

21882 Supreme the Geomancer (level 12, -1/72 HPs)
             Began as a Gargoyle Earth Elementalist on Apr 13, 2018.
             Was an Elder of Vehumet.
             Slain by an alligator simulacrum (32 damage)
             ... in an ice cave on Apr 14, 2018.
             The game lasted 03:16:32 (12854 turns).

Supreme the Geomancer (GrEE)                       Turns: 12854, Time: 03:16:32

Health: -1/72      AC: 25    Str: 13    XL:     12   Next: 94%
Magic:  24/27      EV: 14    Int: 20    God:    Vehumet [****..]
Gold:   808        SH:  3    Dex: 10    Spells: 11/33 levels left

rFire    + + .     SeeInvis .   T - +4 scimitar (flame)
rCold    . . .     Gourm    +   w - +0 buckler
rNeg     + . .     Faith    .   i - +1 fire dragon scales of Zibrohi {+Blink rF++ rC- Regen+ rCorr}
rPois    ∞         Spirit   .   r - +2 helmet
rElec    +         Reflect  .   g - +0 cloak
rCorr    +         Harm     .   (no gloves)
MR       .....                  Y - +0 pair of boots
Stlth    +.........             a - amulet of the gourmand
HPRegen  0.62/turn              E - +4 ring of evasion
MPRegen  0.20/turn              c - ring of protection from cold

@: no status effects
A: negative energy resistance 1, electricity resistance, unbreathing,
petrification resistance, rot immunity, AC +8
a: Renounce Religion, Evoke Blink


You were in an ice cave.
You worshipped Vehumet.
Vehumet was greatly pleased with you.
You were not hungry.

You visited 3 branches of the dungeon, and saw 16 of its levels.
You also visited: Sewer and Ice Cave.

You collected 808 gold pieces.

Inventory:

Hand Weapons
 t - a +0 blowgun
 v - a +1 lajatang of speed
 O - a +0 dagger of electrocution
 T - a +4 scimitar of flaming (weapon)
Missiles
 D - 11 poisoned needles
 Q - 3 throwing nets
 U - 321 stones (quivered)
Armour
 g - a +0 cloak (worn)
 i - the +1 fire dragon scales of Zibrohi (worn) {+Blink rF++ rC- Regen+ rCorr}
   (You found it on level 2 of the Lair of Beasts)

   It greatly protects you from fire.
   It makes you vulnerable to cold.
   It lets you blink.
   It increases your rate of regeneration.
   It protects you from acid and corrosion.
 r - a +2 helmet (worn)
 u - a +2 chain mail of cold resistance
 w - a +0 buckler (worn)
 Y - a +0 pair of boots (worn)
Jewellery
 a - an amulet of the gourmand (around neck)
 c - a ring of protection from cold (right hand)
 E - a +4 ring of evasion (left hand)
Wands
 f - a wand of iceblast (19)
 k - a wand of flame (12)
 m - a wand of polymorph (5)
 K - a wand of paralysis (34)
 R - a wand of acid (13)
Scrolls
 B - a scroll of remove curse
 W - 2 scrolls of fog
Potions
 h - 3 potions of lignification
 x - 2 potions of resistance
 A - a potion of flight
 C - 10 potions of curing
 H - 7 potions of heal wounds
 I - 2 potions of agility
 M - 3 potions of brilliance
Comestibles
 b - 4 chunks of flesh
 d - 28 rations


   Skills:
 + Level 7.5 Fighting
   Level 1.5(2.7) Maces & Flails
 * Level 3.5(3.7) Staves
 + Level 4.7 Armour
 + Level 5.4 Dodging
 + Level 5.1 Stealth
 + Level 1.1 Shields
 + Level 11.1 Spellcasting
 + Level 5.2 Conjurations
 + Level 2.3 Transmutations
 + Level 13.7 Earth Magic
 + Level 1.3 Evocations


You had 11 spell levels left.
You knew the following spells:

 Your Spells              Type           Power        Failure   Level  Hunger
a - Sandblast             Erth           ######       1%          1    None
b - Passwall              Tmut/Erth      #####.....   2%          2    None
c - Stone Arrow           Conj/Erth      #####.       1%          3    None
d - Lee's Rapid Deconstr  Erth           ######....   1%          5    ####...
e - Mephitic Cloud        Conj/Pois/Air  ###.....     19%         3    None
f - Borgnjor's Vile Clut  Necr/Erth      #####.....   63%         5    ####...
g - Tukima's Dance        Hex            ##......     83%         3    None


Dungeon Overview and Level Annotations

Branches:
Dungeon (11/15)            Temple (1/1) D:7            Lair (4/6) D:10
  Swamp (0/4) Lair:3       Spider (0/4) Lair:2          Orc (0/2) D:10

Altars:
Ashenzari
Dithmenos
Elyvilon
Gozag
Hepliaklqana
Kikubaaqudgha
Makhleb
Nemelex Xobeh
Ru
Sif Muna
Trog
Vehumet
Wu Jian
Xom
Yredelemnul
Zin
The Shining One

Shops:
D:5 [

Annotations:
D:10 exclusion: downstairs


Innate Abilities, Weirdness & Mutations

You are resistant to torment.
Your stone body is resilient. (AC +8)
You are immune to poison.
You resist negative energy. (rN+)
You are resistant to electric shocks. (rElec)
You can survive without breathing.
You are immune to petrification.
You are immune to rotting.


Message History

The alligator simulacrum tail-slaps you but does no damage.
The swamp dragon simulacrum bites you but does no damage.
The swamp dragon simulacrum claws you but does no damage.
The swamp dragon simulacrum tramples you but does no damage.
Casting: Lee's Rapid Deconstruction
Confirm with . or Enter, or press ? or * to list all spells.
Okay, then.
Casting: Lee's Rapid Deconstruction
Confirm with . or Enter, or press ? or * to list all spells.
Aiming: Stone Arrow
Press: ? - help, Shift-Dir - straight line, f - alligator simulacrum
Aim: an alligator simulacrum The stone arrow hits the alligator simulacrum.
The alligator simulacrum is heavily damaged.
The alligator simulacrum bites you but does no damage.
The alligator simulacrum closely misses you.
You hit the alligator simulacrum but do no damage.
The alligator simulacrum is heavily damaged.
The alligator simulacrum bites you. The alligator simulacrum freezes you!!
You die...

##..
##...
#...#
#...##
#...#
##...##
##.....##
#...∩.Z.#
#.....Z@#
##..∩.Z##
##...##
#####


You could see an alligator simulacrum, a death yak simulacrum and a swamp dragon
simulacrum.

Vanquished Creatures
  A hydra (D:8)
  Erica (D:10)
  3 two-headed ogres
  An orange crystal statue (Lair:3)
  An oklob plant (Lair:2)
  7 spiny frogs
  An efreet (D:9)
  A rime drake (Lair:3)
  A kobold demonologist (D:8)
  A komodo dragon (Lair:3)
  2 trolls (D:10)
  2 hornets
  2 hippogriffs
  2 dream sheep (D:8)
  9 blink frogs
  Grinder (D:6)
  2 wyverns (D:9)
  12 yaks
  2 wraiths
  Menkaure (D:6)
  6 water moccasins
  2 porcupines
  7 orc warriors
  2 phantoms
  4 ice beasts
  A black bear (D:9)
  4 sky beasts
  A necrophage (D:10)
  The ghost of Tiareth the Chopper, an amateur HOSk (D:3)
  An eye of draining (D:9)
  6 ogres
  6 wolves (Lair:2)
  5 centaurs
  6 crocodiles
  5 big kobolds
  7 bullfrogs
  An elf skeleton (D:10)
  5 scorpions
  A swamp dragon simulacrum (IceCv)
  A troll zombie (D:10)
  4 killer bees (D:9)
  2 wights (D:10)
  2 electric eels (Lair:3)
  3 howler monkeys (D:10)
  3 centaur zombies
  6 crimson imps
  7 hounds
  2 human zombies (D:10)
  A jelly (D:9)
  An orc priest (D:10)
  A quasit (D:8)
  3 centaur skeletons
  A bullfrog skeleton (D:9)
  A human skeleton (D:10)
  5 iguanas
  Natasha (thrice) (D:3)
  9 orc wizards
  9 worker ants
  An ogre zombie (D:10)
  A hound skeleton (D:4)
  A howler monkey zombie (D:6)
  A mummy (D:10)
  15 adders
  4 gnolls (D:3)
  A howler monkey skeleton (D:8)
  7 river rats (Sewer)
  4 shadow imps
  An ooze (D:1)
  An adder skeleton (D:7)
  An adder zombie (D:8)
  A worm (Lair:2)
  9 leopard geckos
  47 orcs
  10 ball pythons
  6 giant cockroaches
  5 hobgoblins
  7 jackals
  25 kobolds
  5 quokkas
  6 bats
  2 frilled lizards
  5 goblins
  A jackal skeleton (D:7)
  A leopard gecko zombie (D:7)
  An orc zombie (D:10)
  2 quokka skeletons
  20 rats
379 creatures vanquished.

Vanquished Creatures (others)
  A fungus (Lair:4)
1 creature vanquished.

Grand Total: 380 creatures vanquished

Notes
Turn   | Place    | Note
-------+----------+-------------------------------------------
     0 | D:1      | Supreme the Gargoyle Earth Elementalist began the quest for the Orb.
     0 | D:1      | Reached XP level 1. HP: 10/10 MP: 3/3
   285 | D:1      | Reached skill level 4 in Earth Magic
   285 | D:1      | Reached XP level 2. HP: 15/15 MP: 5/5
   289 | D:1      | Learned a level 2 spell: Passwall
  1016 | D:3      | Reached XP level 3. HP: 15/19 MP: 1/6
  1116 | D:3      | Found a glowing drain.
  1133 | Sewer    | Entered a sewer
  1188 | Sewer    | Learned a level 3 spell: Stone Arrow
  1278 | Sewer    | Reached XP level 4. HP: 11/24 MP: 0/7
  1363 | Sewer    | Reached skill level 1 in Maces & Flails
  1600 | Sewer    | Noticed a big kobold
  1693 | Sewer    | Killed a big kobold
  1693 | Sewer    | Reached skill level 5 in Earth Magic
  1693 | Sewer    | Reached XP level 5. HP: 20/28 MP: 0/9
  2109 | Sewer    | Noticed a big kobold
  2368 | Sewer    | Killed a big kobold
  2368 | Sewer    | Reached skill level 1 in Fighting
  2368 | Sewer    | Reached XP level 6. HP: 33/34 MP: 11/11
  2484 | D:3      | Noticed Natasha
  2500 | D:3      | Killed Natasha
  2525 | D:3      | Reached skill level 1 in Evocations
  2541 | D:3      | Noticed Tiareth's ghost (amateur HOSk)
  2549 | D:3      | Killed Tiareth's ghost
  2562 | D:3      | Reached XP level 7. HP: 27/38 MP: 0/12
  2602 | D:3      | Noticed Natasha
  2645 | D:3      | Killed Natasha
  2763 | D:3      | Noticed Natasha
  2771 | D:3      | Killed Natasha
  3202 | D:2      | Reached skill level 6 in Earth Magic
  3844 | D:4      | Reached skill level 1 in Transmutations
  4100 | D:5      | Entered Level 5 of the Dungeon
  4224 | D:4      | Learned a level 5 spell: Lee's Rapid Deconstruction
  4247 | D:4      | Reached XP level 8. HP: 41/44 MP: 3/14
  4818 | D:5      | Reached skill level 7 in Earth Magic
  4873 | D:5      | Noticed a hornet
  4881 | D:5      | Killed a hornet
  4881 | D:5      | Reached skill level 5 in Spellcasting
  4881 | D:5      | Reached skill level 1 in Conjurations
  4983 | D:5      | Found Uloqyunk's Antique Armour Boutique.
  5213 | D:5      | Found a deep blue altar of Sif Muna.
  5285 | D:6      | Found an opulent altar of Gozag.
  5393 | D:6      | Noticed Grinder
  5403 | D:6      | Killed Grinder
  5403 | D:6      | Reached skill level 8 in Earth Magic
  5403 | D:6      | Reached XP level 9. HP: 47/51 MP: 2/17
  5985 | D:6      | Noticed Menkaure
  5989 | D:6      | Killed Menkaure
  6401 | D:7      | Found a staircase to the Ecumenical Temple.
  6410 | D:7      | Reached skill level 9 in Earth Magic
  6421 | Temple   | Entered the Ecumenical Temple
  6432 | Temple   | Became a worshipper of Vehumet
  7030 | D:8      | Reached skill level 5 in Fighting
  7034 | D:8      | Reached XP level 10. HP: 59/59 MP: 8/21
  7123 | D:8      | Noticed a three-headed hydra
  7207 | D:8      | Killed a three-headed hydra
  7207 | D:8      | Reached skill level 10 in Earth Magic
  7283 | D:8      | Reached * piety under Vehumet
  7283 | D:8      | Offered knowledge of Magic Dart by Vehumet.
  7442 | D:8      | Noticed a kobold demonologist
  7446 | D:8      | Killed a kobold demonologist
  7446 | D:8      | Reached skill level 1 in Shields
  8184 | D:9      | Reached ** piety under Vehumet
  8320 | D:9      | Offered knowledge of Throw Frost by Vehumet.
  8411 | D:10     | Entered Level 10 of the Dungeon
  8467 | D:10     | Reached XP level 11. HP: 33/66 MP: 18/23
  8470 | D:10     | Reached skill level 11 in Earth Magic
  8624 | D:11     | Reached skill level 1 in Armour
  8700 | D:9      | Noticed a two-headed ogre
  8705 | D:9      | Killed a two-headed ogre
  8721 | D:9      | Noticed a two-headed ogre
  8729 | D:9      | Killed a two-headed ogre
  9210 | D:10     | Noticed a two-headed ogre
  9220 | D:10     | Killed a two-headed ogre
  9229 | D:10     | Offered knowledge of Mephitic Cloud by Vehumet.
  9258 | D:10     | Learned a level 3 spell: Mephitic Cloud
  9316 | D:10     | Reached skill level 12 in Earth Magic
  9384 | D:10     | Found a basalt altar of Yredelemnul.
  9400 | D:10     | Reached *** piety under Vehumet
  9502 | D:10     | Found a staircase to the Lair.
  9562 | D:10     | Noticed Erica
  9654 | D:10     | Reached skill level 10 in Spellcasting
  9769 | D:10     | Offered knowledge of Airstrike by Vehumet.
  9816 | D:10     | Found a staircase to the Orcish Mines.
  9896 | D:10     | Killed Erica
  9940 | D:11     | Reached XP level 12. HP: 71/71 MP: 13/26
  9974 | Lair:1   | Entered Level 1 of the Lair of Beasts
  9999 | Lair:1   | Reached skill level 5 in Dodging
 10106 | Lair:1   | Reached **** piety under Vehumet
 10106 | Lair:1   | Reached skill level 13 in Earth Magic
 10259 | Lair:1   | Offered knowledge of Bolt of Draining by Vehumet.
 10703 | Lair:2   | Reached skill level 5 in Conjurations
 10729 | Lair:2   | Reached skill level 5 in Stealth
 11040 | Lair:2   | Found a hole to the Spider Nest.
 11372 | Lair:2   | Got faintly humming fire dragon scales
 11383 | Lair:2   | Identified the +1 fire dragon scales of Zibrohi {+Blink rF++ rC- Regen+ rCorr} (You found it on level 2 of the Lair of Beasts)
 11951 | Lair:3   | Reached skill level 1 in Staves
 11985 | Lair:3   | Found a staircase to the Swamp.
 12456 | Lair:3   | Identified Ewun's Incunabulum of Earthen Execration
 12475 | Lair:3   | Learned a level 5 spell: Borgnjor's Vile Clutch
 12479 | Lair:3   | Learned a level 3 spell: Tukima's Dance
 12828 | Lair:4   | Found a frozen archway.
 12837 | IceCv    | Entered an ice cave
 12854 | IceCv    | Slain by an alligator simulacrum

Skill      XL: |  1  2  3  4  5  6  7  8  9 10 11 12 |
---------------+-------------------------------------+-----
Earth Magic    | 4 5 6 8 9 10 12 13 | 13.7
Stealth        | 3 4 5 |  5.1
Maces & Flails | 1 |  1.5
Spellcasting   | 3 4 5 7 8 10 11 | 11.1
Dodging        | 2 3 4 5 |  5.4
Fighting       | 1 3 5 6 7 |  7.5
Evocations     | 1 |  1.3
Transmutations | 1 2 |  2.3
Conjurations   | 1 2 4 5 |  5.2
Shields        | 1 |  1.1
Armour         | 4 |  4.7
Staves         | 3 |  3.5

Action                   |  1- 3 |  4- 6 |  7- 9 | 10-12 || total
-------------------------+-------+-------+-------+-------++-------
Melee: Dagger            |    52 |     1 |       |    92 ||   145
       Whip              |    42 |    70 |     3 |       ||   115
       Short sword       |       |    44 |   378 |    18 ||   440
       Flail             |       |       |     9 |       ||     9
       Trident           |       |       |     7 |       ||     7
       Hand axe          |       |       |       |   137 ||   137
       Scimitar          |       |       |       |   163 ||   163
       Lajatang          |       |       |       |    57 ||    57
 Fire: Hand crossbow     |       |    19 |     8 |       ||    27
Throw: Tomahawk          |       |       |       |     1 ||     1
 Cast: Sandblast         |    20 |    57 |    21 |    57 ||   155
       Passwall          |     2 |     1 |     6 |    24 ||    33
       Stone Arrow       |     3 |     4 |    37 |   101 ||   145
       Lee's Rapid Decon |       |       |    10 |    43 ||    53
       Mephitic Cloud    |       |       |       |     3 ||     3
 Abil: Evoke Flight      |       |     7 |     1 |     6 ||    14
       Evoke Blink       |       |       |       |     1 ||     1
Evoke: Wand              |       |       |     3 |     3 ||     6
  Use: Scroll            |       |       |    10 |     9 ||    19
       Potion            |       |       |       |     2 ||     2
 Stab: Sleeping          |     2 |       |     6 |     5 ||    13
  Eat: Chunk             |     2 |     7 |    30 |    33 ||    72
Armor: Robe              |    34 |    64 |   163 |   111 ||   372
       Skin              |       |       |    15 |       ||    15
       Scale mail        |       |       |       |     9 ||     9
       Troll leather arm |       |       |       |   107 ||   107
       Fire dragon scale |       |       |       |    47 ||    47
Dodge: Dodged            |    57 |    93 |   309 |   391 ||   850
Block: Shield            |       |       |       |    27 ||    27
       Buckler           |       |       |       |     1 ||     1
       Rpst.: Scimitar   |       |       |       |    52 ||    52
